Unix NetHack Version 3.7.0-59 Work-in-progress - last build Jun 15 2022 12:00:05 (ba19de5de9b105df43ec81f7b8aaf5e01ff60ae8,branch:master). Game began 2022-06-20 09:22:10, ended 2022-06-20 09:29:19. pescepalla, lawful female human Priestess --- ----.-- |.....| .....| ....-- -....| ----....| |.......-- |.--)....| |.|--....-- |.| |...*.-- --.| --.--..| |..| ..|--@- --.-- |.-- -... ----..| |. ...- |.<..-- - -...G --..-- ..--- ---- ..| -.-- --- Pescepalla the Acolyte St:12 Dx:10 Co:17 In:7 Wi:18 Ch:12 Lawful Dlvl:5 $:66 HP:0(35) Pw:42(42) AC:7 Exp:3 T:772 Latest messages: You can't go down here. You climb up the stairs. A crude dagger misses you. $ - 9 gold pieces. You descend the stairs. You hear crashing rock. The gnome misses! You are beginning to feel hungry. You kill the gnome! The hobbit wields a cursed dagger! The dagger welds itself to the hobbit's hand! You hit the gnome lord! You hit the gnome lord! The gnome lord hits! You miss the gnome lord. You hit the gnome lord! The gnome lord hits! You hit the gnome lord. The gnome lord hits! You hear crashing rock. You kill the gnome lord! Welcome to experience level 3. The hobbit thrusts his dagger. The hobbit hits! You hit the hobbit! The hobbit thrusts his dagger. The hobbit hits! You kill the hobbit! You see here a cursed dagger. You swap places with the peaceful dwarf. You see no objects here. # You kill the gnome! There is a gnome corpse here; eat it? [ynq] (n) This gnome corpse tastes okay. The gnome shoots 2 crossbow bolts! You are hit by the 1st crossbow bolt. You stop eating the gnome corpse. You are hit by the 2nd crossbow bolt. You miss the gnome. You kill the gnome! There is a partly eaten gnome corpse here; eat it? [ynq] (n) You resume your meal. You finish eating the gnome corpse. There is a gnome corpse here; eat it? [ynq] (n) This gnome corpse tastes okay. The gnome lord shoots 3 crossbow bolts! You are hit by the 1st crossbow bolt! You die... Do you want your possessions identified? [ynq] (y) Major events: Turn 1: pescepalla the lawful human Priestess entered the dungeon 717: entered the Gnomish Mines 739: attained the rank of Acolyte (level 3) 772: killed by a crossbow bolt Inventory: Coins $ - 66 gold pieces Weapons a - a blessed +1 mace (weapon in hand) Armor c - a +0 small shield (being worn) b - a +0 robe (being worn) Comestibles e - a clove of garlic f - a sprig of wolfsbane Scrolls q - a scroll of enchant weapon i - a scroll of fire l - a scroll of scare monster k - a scroll of stinking cloud Spellbooks j - a spellbook of cure blindness h - a spellbook of detect food g - a spellbook of protection Potions d - 4 potions of holy water Rings r - a ring of shock resistance Wands s - a blessed wand of teleportation (0:5) Tools m - a fire horn (0:6) Pescepalla the Priestess's attributes: Background: You were an Acolyte, a level 3 human Priestess. You were lawful, on a mission for Issek who was opposed by Mog (neutral) and Kos (chaotic). You were in the Gnomish Mines, on level 5. You entered the dungeon 772 turns ago. You had 63 experience points, 17 more were needed to attain level 4. Basics: You had 0 out of 35 hit points. You had all 42 energy points (spell power). Your armor class was 7. Your wallet contained 66 zorkmids. Autopickup was on for '$=?"/!%' plus thrown, with exceptions. Final Characteristics: Your strength was 12 (limit:18/100). Your dexterity was 10 (limit:18). Your constitution was 17 (limit:18). Your intelligence was 7 (limit:18). Your wisdom was 18 (limit:18). Your charisma was 12 (limit:18). Final Status: You were not hungry. You were unencumbered. You were wielding a mace. You had basic skill with mace. Final Attributes: You were fervently aligned. You were guarded. You are dead. Miscellaneous: You never encountered a bones level. Total elapsed playing time was 7 minutes and 9 seconds. Vanquished creatures: a gnome leader a dwarf zombie a hobbit 5 gnomes a gnome zombie a gecko 2 sewer rats 7 grid bugs a lichen 2 kobold zombies 2 newts 24 creatures vanquished. No species were genocided or became extinct. Voluntary challenges: You were an atheist. You read items or engraved 2 times. You never engraved Elbereth. You never genocided any monsters. You never polymorphed an object. You never changed form. You used no wishes. Achievements: You entered a shop. You entered the Gnomish Mines. You attained the rank of Acolyte. The Dungeons of Doom: levels 1 to 5 Level 1: Level 2: A general store. Level 3: Level 4: A fountain. Stairs down to The Gnomish Mines. Level 5: The Gnomish Mines: Level 5: <- You were here. Final resting place for you, killed by a crossbow bolt. Game over: ---------- / \ / REST \ / IN \ / PEACE \ / \ | pescepalla | | 66 Au | | killed by a | | crossbow bolt | | | | | | 2022 | *| * * * | * _________)/\\_//(\/(/\)/\//\/|_)_______ Goodbye pescepalla the Priestess... You died in The Gnomish Mines on dungeon level 5 with 512 points, and 66 pieces of gold, after 772 moves. You were level 3 with a maximum of 35 hit points when you died.